 Dungeon Crawl Stone Soup version 0.29.1-1-gd02db6906a (webtiles) character file.

Game seed: 8265417400799017663

23 mcbry74 the Vexing (level 2, 0/23 HPs)
             Began as a Gnoll Arcane Marksman on Sept 15, 2022.
             Slain by a worm (6 damage)
             ... on level 1 of the Dungeon.
             The game lasted 00:05:02 (799 turns).

mcbry74 the Vexing (Gnoll Arcane Marksman)           Turns: 799, Time: 00:05:03

Health: 0/23       AC:  2    Str: 15    XL:     2   Next: 95%
Magic:  5/5        EV: 13    Int: 12    God:
Gold:   45         SH:  0    Dex: 12    Spells: 5/6 levels left

rFire   . . .      SeeInvis .   b - +0 dagger
rCold   . . .      Faith    .   (no shield)
rNeg    . . .      Spirit   .   c - +0 robe
rPois   .          Reflect  .   (no helmet)
rElec   .          Harm     .   (no cloak)
rCorr   .          Rampage  .   (no gloves)
Will    .....                   (no boots)
Stlth   +.........              (no amulet)
HPRegen 0.07/turn               l - +6 ring of strength
MPRegen 0.09/turn               (no ring)

@: no status effects
A: fangs 1, strong nose, distributed training
a: no special abilities


You were on level 1 of the Dungeon.
You visited 1 branch of the dungeon, and saw 2 of its levels.

You collected 45 gold pieces.

Inventory:

Hand Weapons
 a - a +1 sling
 b - a +0 dagger (weapon)
 g - a +0 quarterstaff
Armour
 c - a +0 robe (worn)
Jewellery
 l - a +6 ring of strength (left hand)
Scrolls
 e - a scroll of poison
 f - a scroll of magic mapping {unknown}
 i - a scroll of silence {unknown}
 k - a scroll of enchant armour {unknown}
Potions
 d - a potion of brilliance {unknown}
 h - a potion of invisibility {unknown}
 j - 3 potions of heal wounds {unknown}
 m - a potion of haste {unknown}


   Skills:
 + Level 2.5 Fighting
 + Level 0.5 Short Blades
 + Level 0.5 Long Blades
 + Level 0.5 Axes
 + Level 0.5 Maces & Flails
 + Level 0.5 Polearms
 + Level 0.5 Staves
 + Level 4.5 Ranged Weapons
 + Level 0.5 Throwing
 + Level 0.5 Armour
 + Level 4.5 Dodging
 + Level 0.5 Stealth
 + Level 0.5 Shields
 + Level 0.5 Unarmed Combat
 + Level 2.7 Spellcasting
 + Level 0.4 Conjurations
 + Level 5.4 Hexes
 + Level 0.4 Summonings
 + Level 0.4 Necromancy
 + Level 0.4 Translocations
 + Level 0.4 Transmutations
 + Level 0.4 Fire Magic
 + Level 0.4 Ice Magic
 + Level 0.4 Air Magic
 + Level 0.4 Earth Magic
 + Level 0.4 Poison Magic
 + Level 0.7 Invocations
 + Level 0.5 Evocations


You had 5 spell levels left.
You knew the following spells:

 Your Spells              Type           Power      Damage    Failure   Level
a - Slow                  Hex            56%        N/A       2%          1

Your spell library contained the following spells:

 Spells                   Type           Power      Damage    Failure   Level
 Inner Flame              Hex/Fire       8%         N/A       22%         3
 Portal Projectile        Hex/Tloc       16%        N/A       22%         3
 Cause Fear               Hex            7%         N/A       26%         4


Dungeon Overview and Level Annotations

Branches:
Dungeon (2/15)

Altars:

Shops:
D:1 (


Innate Abilities, Weirdness & Mutations

You have very sharp teeth.
Your uncanny sense of smell can sniff out nearby items.
Your experience applies equally to all skills.


Message History

Press: ? - help, Q - select action, (/) - cycle Shift-Dir - straight line, f/p - worm
Aim: a worm (heavily wounded, 78% to hit)
You shoot a sling bullet. The sling bullet hits the worm!
The worm is almost dead.
Fire: a) +1 sling
Press: ? - help, Q - select action, (/) - cycle Shift-Dir - straight line, f/p - worm
Aim: a worm (severely wounded, 78% to hit)
You shoot a sling bullet.
The sling bullet barely misses the worm.
Fire: a) +1 sling
Press: ? - help, Q - select action, (/) - cycle Shift-Dir - straight line, f/p - worm
Aim: a worm (heavily wounded, 78% to hit)
You shoot a sling bullet. The sling bullet hits the worm.
The worm is severely wounded.
Fire: a) +1 sling
Press: ? - help, Q - select action, (/) - cycle Shift-Dir - straight line, f/p - worm
Aim: a worm (severely wounded, 78% to hit)
You shoot a sling bullet. The sling bullet hits the worm.
The worm is almost dead.
b - a +0 dagger (weapon)
You barely miss the worm.
The worm is severely wounded.
The worm misses you.
You hit the worm. Your bite misses the worm.
The worm is severely wounded.
You hit the worm. You bite the worm, but do no damage.
The worm is almost dead.
The worm bites you!
You barely miss the worm.
The worm is almost dead.
You hit the worm but do no damage.
The worm is almost dead.
The worm bites you.
* * * LOW HITPOINT WARNING * * *
You hit the worm but do no damage.
The worm is severely wounded.
You hit the worm.
The worm is almost dead.
The worm bites you.
You die...

......##.##.#.##.#.###.#.#.##
#.
.###..##.##.#.##.#.##.##.##.#
## .#
#..##......).............# .#
#..#####........##.##.#..#
####..# ###).#.#####.#.#.##
..(...# #..#.# ##....##
####.## ####..#.#######..#.##
# #.#
#)....#.##......###.####
####.# #.###.#@#...##.##
##.†.( .....# #.#
#.#.w.......###.#### ######
#.# #.###...##...#.## # ##.#
#.#...#.......## # #..#
#.#.##.###...## #.##
#.....).....#### #.#
###^#..#######.##### #.#
#.#.###.......[.)> # #.#
#.#.# #.####......


You could see a worm.

Vanquished Creatures
  2 ball pythons
  2 endoplasms (D:1)
  6 goblins (D:1)
  4 hobgoblins (D:1)
  2 kobolds (D:1)
  A quokka (D:1)
  A bat (D:1)
18 creatures vanquished.

Notes
Turn   | Place    | Note
-------+----------+-------------------------------------------
     0 | D:1      | mcbry74 the Gnoll Arcane Marksman began the quest for the
                  | Orb.
     0 | D:1      | Reached XP level 1. HP: 17/17 MP: 4/4
   213 | D:1      | Reached XP level 2. HP: 23/23 MP: 5/5
   233 | D:1      | Found Plog's Antique Weapon Boutique.
   799 | D:1      | Slain by a worm

Illustrated notes

Levels and vault maps discovered:
D:1:      lightli_arrival_windingriver, layout_loops_ring, serial_shops, shop
D:2:      layout_rooms, basic_altar, uniq_robin

Action                   || total
-------------------------++-------
Melee: Quarterstaff      ||     1
       Dagger            ||    18
       Bite              ||     1
 Fire: Sling             ||    43
 Cast: Slow              ||     2
Armor: Robe              ||     4
Dodge: Dodged            ||    31
